 Dungeon Crawl Stone Soup version 0.19.1 (webtiles) character file.

196376 AAAAA the Comforter (level 18, -5/168 HPs)
             Began as a Deep Dwarf Ice Elementalist on Nov 29, 2016.
             Was a Follower of Elyvilon.
             Shot with an arrow by a naga sharpshooter (25 damage)
             ... on level 4 of the Snake Pit.
             The game lasted 02:33:30 (35839 turns).

AAAAA the Comforter (Deep Dwarf Ice Elementalist)  Turns: 35839, Time: 02:33:30

Health: -5/168     AC: 19    Str: 14    XL:     18   Next: 15%
Magic:  23/32      EV: 19    Int: 23    God:    Elyvilon [*.....]
Gold:   1018       SH:  0    Dex: 14    Spells: 9 memorised, 9 levels left

rFire  . . .     SeeInvis +       - Unarmed
rCold  . . .     Gourm    .     Z - +1 robe of Gravitas {Int+4 Slay+2 SInv}
rNeg   + + .     Faith    +     (shield currently unavailable)
rPois  +         Spirit   .     g - +2 helmet
rElec  .         Reflect  .     w - +2 cloak
rCorr  .         Harm     .     (gloves currently unavailable)
MR     ++...                    E - +2 pair of boots
Stlth  +++.......               q - amulet of faith
                                G - ring of Hard Scrabble {EV+2 Dex+3}
                                B - ring "Nysod" {rPois rN+ Dex-5 Slay+5 Stlth+}

@: icy armour, about to teleport, blade hands, non-regenerating, constricted,
slow
A: damage resistance, recharge devices, negative energy resistance 1, sense
surroundings 3, slow regeneration 3
a: Device Recharging, End Transformation, Lesser Healing, Divine Protection,
Renounce Religion


You were on level 4 of the Snake Pit.
You worshipped Elyvilon.
Elyvilon was aware of your devotion.
You were not hungry.
You had blades for hands.
You visited 5 branches of the dungeon, and saw 28 of its levels.
You visited the Abyss 1 time.
You also visited: Ice Cave and Volcano.

You collected 2588 gold pieces.
You spent 1570 gold pieces at shops.

Inventory:

Hand Weapons
 J - the +6 long sword "Agius" (melded) {freeze, +Fly rC- Int+4}
   (You found it on level 3 of the Lair of Beasts)

   It has been specially enchanted to freeze those struck by it, causing extra
   injury to most foes and up to half again as much damage against particularly
   susceptible opponents.
   It can also slow down cold-blooded creatures.
   It affects your intelligence (+4).
   It makes you vulnerable to cold.
   It lets you fly.
 T - a +3 blowgun
 U - a +1 vampiric broad axe
Missiles
 F - 66 poisoned needles
Armour
 g - a +2 helmet (worn)
 h - a +1 hat of magic resistance
 w - a +2 cloak (worn)
 C - a +0 pair of gloves (melded)
 E - a +2 pair of boots (worn)
 Y - a +3 leather armour of fire resistance
 Z - the +1 robe of Gravitas (worn) {Int+4 Slay+2 SInv}
   (You found it on level 9 of the Dungeon)

   It affects your intelligence (+4).
   It affects your accuracy and damage with ranged weapons and melee attacks
   (+2).
   It lets you see invisible.
Jewellery
 n - an uncursed ring of protection from magic
 q - an amulet of faith (around neck)
 B - the ring "Nysod" (left scythe-like blade) {rPois rN+ Dex-5 Slay+5 Stlth+}
   (You bought it in a shop on level 2 of the Orcish Mines)

   [ring of stealth]

   It affects your dexterity (-5).
   It affects your accuracy and damage with ranged weapons and melee attacks
   (+5).
   It protects you from poison.
   It protects you from negative energy.
   It makes you more stealthy.
 G - the ring of Hard Scrabble (right scythe-like blade) {EV+2 Dex+3}
   (You acquired it on level 15 of the Dungeon)

   [ring of evasion]

   It affects your evasion (+2).
   It affects your dexterity (+3).
 M - an uncursed ring of fire
 P - an uncursed ring of positive energy
Wands
 b - a wand of heal wounds (0/9)
 c - a wand of heal wounds (4/9)
 N - a wand of teleportation (2/9)
 Q - a wand of flame (32/48)
 R - a wand of disintegration (10/24)
 W - a wand of disintegration (11/24)
Scrolls
 e - 7 scrolls of identify
 f - 3 scrolls of immolation
 m - 2 scrolls of fear
 r - 5 scrolls of fog
 t - a scroll of holy word
 y - 6 scrolls of magic mapping
 A - 3 scrolls of amnesia
 D - 6 scrolls of remove curse
 H - 3 scrolls of recharging
 I - 4 scrolls of blinking
Potions
 a - 2 potions of might
 i - 4 potions of flight
 j - 3 potions of ambrosia
 l - 6 potions of haste
 p - 13 potions of curing
 u - 3 potions of resistance
 v - 10 potions of brilliance
 x - 3 potions of cancellation
 z - 2 potions of invisibility
 K - 6 potions of lignification
 L - 7 potions of heal wounds
 S - a potion of cure mutation
 V - a potion of magic
 X - 7 potions of agility
Books
 o - the Volume of Conjuration and Heat
   (You found it on level 4 of the Snake Pit)

   Spells                             Type                      Level
   a - Sting                          Conjuration/Poison           1
   b - Flame Tongue                   Conjuration/Fire             1
   c - Iskenderun's Mystic Blast      Conjuration                  4
   d - Spellforged Servitor           Conjuration/Summoning        7
   e - Orb of Destruction             Conjuration                  7
Miscellaneous
 O - a fan of gales
Comestibles
 d - 6 bread rations
 s - 9 fruits


   Skills:
 + Level 12.2 Fighting
 + Level 12.6 Dodging
 - Level 2.4 Stealth
 * Level 16.5 Unarmed Combat
 - Level 10.5 Spellcasting
 - Level 0.8 Conjurations
 - Level 7.4 Transmutations
 - Level 7.0 Ice Magic
 + Level 18.6 Invocations


You had 9 spell levels left.
You knew the following spells:

 Your Spells              Type           Power        Failure   Level  Hunger
a - Throw Icicle          Conj/Ice       ####....     50%         4    #......
b - Blade Hands           Tmut           #####.....   45%         5    ####...
c - Ice Form              Ice/Tmut       #####...     28%         4    #......
d - Ozocubu's Armour      Chrm/Ice       ####....     32%         3    None
e - Repel Missiles        Chrm/Air       ##....       45%         2    None
f - Blink                 Tloc           N/A          45%         2    None
g - Mephitic Cloud        Conj/Pois/Air  ##......     58%         3    None
h - Passwall              Tmut/Erth      ####......   21%         2    None
i - Summon Ice Beast      Ice/Summ       ####....     54%         4    #......


Dungeon Overview and Level Annotations

Branches:
Dungeon (15/15)            Temple (0/1) D:7            Lair (6/6) D:10
 Shoals (0/4) Lair:2        Snake (4/4) Lair:4        Slime (0/5) Lair:6
    Orc (2/2) D:12            Elf (0/3) Orc:2        Vaults (0/5) D:13
 Depths (1/5) D:15

Altars:
Cheibriados
Dithmenos
Elyvilon
Gozag
Makhleb
Nemelex Xobeh
Qazlal
Ru
Sif Muna
Vehumet
Xom
Yredelemnul
Zin
Beogh
Jiyva

Shops:
D:5 !%(??   D:12 [   D:14 (   D:15 (   Orc:2 [[=(*?

Annotations:
D:3 Sigmund
D:6 exclusion: statue
D:9 1 runed door


Innate Abilities, Weirdness & Mutations

You are resistant to damage.
You can recharge devices by infusing magical energy.
You resist negative energy. (rN+)
You passively map a large area around you.
You do not regenerate.


Message History

As you read the scroll of teleportation, it crumbles to dust.
You feel strangely unstable. The black mamba barely misses you.
The black mamba completely misses you. The naga spits poison at you.
The splash of poison misses you.
The splash of poison hits the black mamba.
The naga sharpshooter spits poison at you.
The splash of poison hits you! You resist.
You slice the guardian serpent!!
The guardian serpent is heavily wounded.
You are no longer poisoned.
The guardian serpent hits you!
* * * LOW HITPOINT WARNING * * *
The black mamba barely misses you. The naga hits you with a scimitar!!
* * * LOW HITPOINT WARNING * * *
The naga grabs you. The naga constricts you.
The naga sharpshooter mumbles some strange words.
The naga sharpshooter magically shoots an arrow.
The arrow hits you!!
You die...

#..###((..(.###### #))..#
#### #.##......[)...##
#().)# ###.(
####...(())()....##
#....###(..)
..#..(.######((...#
#....##....( )##...## ,
,###...## #...(#)....#
##(..## #....# #...)()...##
##.(.# ,##.(.# #.....)..##.
#...##, , #N.)#
#.......##.. #...#, , #@N.#
#...)(.##... #...# ,, ,
##SS.###.....###... #...# ,
##...###.....###..)# #.))#
. * ##(...##.....(# #...#
#..(##..N.###(...##......(#
#...#
##..(#......)(..##..).)...#
#...#
#.))##........##...((....#
#..))
##.)(###.....##.))..#(...#
##..)
#(.((.#######.....##....#
#..)


You could see a naga sharpshooter, a guardian serpent, a black mamba and a naga.

Vanquished Creatures
  Mara (Snake:2)
  Vashnia (Snake:2)
  Asterion (Snake:3)
  Gastronok (D:11)
  Kirke (Snake:4)
  13 nagarajas (Snake:4)
  A fire giant (D:15)
  An orc warlord (Orc:2)
  Aizul (Snake:2)
  Louise (D:14)
  Azrael (D:13)
  The ghost of rastmirit1 the Blocker, a journeyman FoFi of Okawaru (Orc:2)
  A fire dragon (Lair:6)
  The ghost of GsBirdie the Cleaver, a journeyman MiBe of Trog (Lair:2)
  An ogre mage (D:14)
  8 hydras
  Erolcha (D:9)
  The ghost of Rrauwl the Martial Artist, a journeyman DsFi of Hepliaklqana (D:13)
  A vault guard (D:13)
  28 naga warriors
  5 centaur warriors
  11 anacondas
  6 death yaks (Lair:5)
  Urug (D:11)
  A thrashing horror (D:9)
  4 orc high priests
  3 shock serpents
  24 naga sharpshooters
  8 skeletal warriors
  3 salamander mystics
  An unseen horror (D:10)
  9 naga ritualists
  4 hill giants
  2 deep elf magi
  The ghost of baghtru the Chopper, a novice HOFi (D:5)
  6 orc knights
  A lindwurm (Lair:6)
  14 ugly things
  5 mana vipers
  2 manticores
  4 orc sorcerers
  3 cyclopes
  Joseph (D:7)
  8 salamanders
  3 molten gargoyles (Lair:6)
  8 guardian serpents
  36 black mambas
  4 elephants (Lair:6)
  Psyche (D:9)
  Maurice (D:13)
  2 gargoyles
  A torpor snail (shapeshifter) (D:14)
  22 naga magi
  14 spiny frogs
  A centaur skeleton (D:14)
  2 kobold demonologists (D:13)
  13 komodo dragons
  An ancient zyme (Abyss:2)
  A queen bee (D:10)
  4 trolls
  3 polar bears
  Prince Ribbit (D:7)
  10 two-headed ogres
  14 blink frogs
  10 hippogriffs
  8 dream sheep
  6 slime creatures
  A meliai zombie (D:11)
  A shadow (D:14)
  2 spriggans
  4 wyverns
  A hog (Snake:4)
  2 vampires (D:15)
  8 basilisks
  38 yaks
  4 fire elementals
  2 steam dragons
  6 vampire mosquitoes (D:15)
  A hungry ghost (D:13)
  A basilisk (shapeshifter) (D:14)
  6 wargs
  A soldier ant (shapeshifter) (D:14)
  67 nagas
  9 water moccasins
  A floating eye (shapeshifter) (D:14)
  8 hell hounds
  12 porcupines
  47 orc warriors
  11 ice beasts
  3 sky beasts
  3 black bears
  3 eyes of draining
  2 phantoms
  3 necrophages
  6 ogres
  4 boggarts (D:14)
  5 wolves (Lair:1)
  10 crocodiles
  6 centaurs
  2 big kobolds
  11 bullfrogs
  A wyvern zombie (D:10)
  3 earth elementals (Volcano)
  2 wyvern skeletons
  6 scorpions
  2 water moccasin skeletons
  A hornet simulacrum (D:15)
  17 killer bees
  2 wights (D:10)
  3 electric eels (D:10)
  A howler monkey (D:5)
  7 crimson imps
  3 lava snakes (Lair:6)
  A bullfrog zombie (D:10)
  4 centaur zombies
  5 hounds
  4 jellies
  Crazy Yiuf (D:2)
  2 bullfrog skeletons
  21 orc priests
  43 orc wizards
  5 iguanas
  10 worker ants
  A hound zombie (D:5)
  3 hound skeletons
  A howler monkey zombie (D:9)
  Robin (D:3)
  13 adders
  3 gnolls (D:5)
  2 howler monkey skeletons
  2 shadow imps
  An ufetubus (D:9)
  An adder skeleton (D:4)
  5 worms
  9 leopard geckos
  114 orcs
  6 giant cockroaches
  16 goblins
  13 hobgoblins
  4 jackals (D:7)
  6 quokkas
  A ball python (D:2)
  7 bats
  8 frilled lizards
  A jackal skeleton (D:7)
  19 kobolds
  A quokka zombie (D:7)
  6 rats
  A fungus (Lair:6)
1039 creatures vanquished.

Vanquished Creatures (collateral kills)
  A hill giant (D:10)
  A yak (D:10)
  A bullfrog (D:10)
  2 wights (D:10)
  2 electric eels (D:10)
  A howler monkey skeleton (D:10)
8 creatures vanquished.

Vanquished Creatures (others)
  A naga mage (Snake:4)
  4 humans (Snake:4)
  2 nagas (Snake:4)
  A killer bee (D:10)
  10 fungi
  9 plants
27 creatures vanquished.

Grand Total: 1074 creatures vanquished

Notes
Turn   | Place    | Note
-------+----------+-------------------------------------------
     0 | D:1      | AAAAA the Deep Dwarf Ice Elementalist began the quest for the Orb.
     0 | D:1      | Reached XP level 1. HP: 15/15 MP: 3/3
   393 | D:1      | Reached XP level 2. HP: 22/22 MP: 0/5
   805 | D:2      | Reached XP level 3. HP: 24/28 MP: 0/7
   921 | D:2      | Found a runed door.
  1099 | D:2      | Found a white marble altar of Elyvilon.
  1136 | D:2      | Became a worshipper of Elyvilon the Healer
  1277 | D:2      | Reached skill level 1 in Invocations
  1414 | D:2      | Reached XP level 4. HP: 31/36 MP: 5/9
  1588 | D:2      | Learned a level 2 spell: Throw Frost
  1732 | D:2      | Reached skill level 2 in Invocations
  2099 | D:2      | Noticed Crazy Yiuf
  2130 | D:2      | Killed Crazy Yiuf
  2373 | D:3      | Reached * piety under Elyvilon
  2405 | D:3      | Reached skill level 3 in Invocations
  2405 | D:3      | Reached XP level 5. HP: 10/42 MP: 5/10
  2654 | D:3      | Noticed Sigmund
  2871 | D:3      | Noticed Robin
  3050 | D:3      | Killed Robin
  3206 | D:3      | Reached skill level 4 in Invocations
  3424 | D:3      | Reached XP level 6. HP: 29/49 MP: 6/12
  3754 | D:3      | Found a stormy altar of Qazlal.
  4110 | D:4      | Found a snail-covered altar of Cheibriados.
  4152 | D:4      | Reached skill level 5 in Invocations
  4219 | D:4      | Found a basalt altar of Yredelemnul.
  4451 | D:4      | Reached ** piety under Elyvilon
  4473 | D:4      | Reached skill level 5 in Spellcasting
  4611 | D:4      | Found a glowing silver altar of Zin.
  4619 | D:4      | Found a burning altar of Makhleb.
  4622 | D:4      | Found a shimmering altar of Xom.
  4625 | D:4      | Found a sparkling altar of Nemelex Xobeh.
  4835 | D:4      | Reached XP level 7. HP: 26/55 MP: 10/14
  4840 | D:4      | Learned a level 3 spell: Ozocubu's Armour
  4878 | D:4      | Reached skill level 6 in Invocations
  4992 | D:5      | Entered Level 5 of the Dungeon
  5000 | D:5      | Found Mohicul's Distillery.
  5025 | D:5      | Noticed baghtru's ghost (novice HOFi)
  5033 | D:5      | Bought a potion of degeneration for 13 gold pieces
  5033 | D:5      | Bought a potion of lignification for 39 gold pieces
  5033 | D:5      | Bought a potion of heal wounds for 65 gold pieces
  5033 | D:5      | Bought a potion of haste for 130 gold pieces
  5085 | D:5      | Noticed a two-headed ogre
  5093 | D:5      | Killed a two-headed ogre
  5189 | D:5      | Found a shadowy altar of Dithmenos.
  5288 | D:5      | Found Wuepryxu's Antique Weapon Shoppe.
  5438 | D:5      | Reached skill level 7 in Invocations
  5458 | D:5      | Found Nuuxiz's Magic Scroll Boutique.
  5552 | D:5      | Found Fysir's Magic Scroll Shop.
  5736 | D:5      | Reached XP level 8. HP: 58/62 MP: 1/16
  5882 | D:5      | Found Xavviun's Food Boutique.
  5989 | D:5      | Bought a scroll of blinking for 97 gold pieces
  6371 | D:5      | Killed baghtru's ghost
  6371 | D:5      | Reached skill level 8 in Invocations
  6574 | D:6      | Reached skill level 5 in Ice Magic
  6599 | D:6      | Found a radiant altar of Vehumet.
  6958 | D:6      | Reached skill level 9 in Invocations
  6983 | D:6      | Learned a level 5 spell: Blade Hands
  7045 | D:6      | Gained mutation: You passively map the area around you. [Deep Dwarf growth]
  7045 | D:6      | Reached XP level 9. HP: 42/68 MP: 5/19
  7251 | D:6      | Reached *** piety under Elyvilon
  7932 | D:7      | Found a staircase to the Ecumenical Temple.
  7952 | D:7      | Noticed Prince Ribbit
  7962 | D:7      | Got a steaming scale mail
  7973 | D:7      | Identified the +6 scale mail of Relativism {*Slow +Inv rC++ rCorr} (You found it on level 7 of the Dungeon)
  8009 | D:7      | Learned a level 4 spell: Ice Form
  8160 | D:7      | Reached skill level 1 in Transmutations
  8250 | D:7      | Noticed Joseph
  8273 | D:7      | Killed Joseph
  8273 | D:7      | Reached skill level 10 in Invocations
  8677 | D:7      | Killed Prince Ribbit
  9375 | D:8      | Reached XP level 10. HP: 48/75 MP: 5/21
  9429 | D:8      | Noticed a hill giant
  9440 | D:8      | Killed a hill giant
  9849 | D:8      | Learned a level 4 spell: Throw Icicle
  9854 | D:8      | Learned a level 4 spell: Summon Ice Beast
  9970 | D:9      | Noticed Psyche
  9978 | D:9      | Killed Psyche
  9978 | D:9      | Reached skill level 1 in Unarmed Combat
  9978 | D:9      | Reached skill level 11 in Invocations
 10096 | D:9      | Reached skill level 1 in Fighting
 10659 | D:9      | Found a runed door.
 10659 | D:9      | Noticed an orc high priest
 10660 | D:9      | Noticed a stone giant
 10661 | D:9      | Noticed a war gargoyle
 10661 | D:9      | Noticed a flayed ghost
 10661 | D:9      | Noticed a flayed ghost
 10661 | D:9      | Noticed a centaur warrior
 10896 | D:9      | Got a fabulously ornate robe
 10907 | D:9      | Identified the cursed +1 robe of Gravitas {Int+4 Slay+2 SInv} (You found it on level 9 of the Dungeon)
 10911 | D:9      | Reached **** piety under Elyvilon
 10920 | D:9      | Found a sacrificial altar of Ru.
 10944 | D:9      | Noticed Erolcha
 10947 | D:9      | Cast into level 2 of the Abyss (Erolcha)
 11036 | Abyss:2  | Noticed a thrashing horror
 11044 | D:9      | Escaped the Abyss
 11266 | D:9      | Killed Erolcha
 11352 | D:9      | Killed a thrashing horror
 11521 | D:10     | Entered Level 10 of the Dungeon
 11679 | D:10     | Reached XP level 11. HP: 77/90 MP: 20/23
 11875 | D:10     | Noticed an unseen horror
 11898 | D:10     | Killed an unseen horror
 12035 | D:10     | Noticed a hill giant
 12050 | D:10     | Killed a hill giant
 12050 | D:10     | Reached skill level 5 in Unarmed Combat
 12050 | D:10     | Reached skill level 12 in Invocations
 12157 | D:10     | Found a staircase to the Lair.
 12164 | D:10     | Noticed a centaur warrior
 12262 | Lair:1   | Entered Level 1 of the Lair of Beasts
 12321 | Lair:1   | Found a frozen archway.
 12330 | IceCv    | Entered an ice cave
 12330 | IceCv    | Noticed a white ugly thing
 12383 | IceCv    | Killed a white ugly thing
 12418 | IceCv    | Noticed a white ugly thing
 12440 | Lair:1   | Killed a white ugly thing
 12480 | Lair:1   | Noticed a six-headed hydra
 12585 | Lair:1   | Killed a six-headed hydra
 12869 | Lair:1   | Found a deep blue altar of Sif Muna.
 12940 | Lair:1   | HP: 3/111 [yak (10)]
 13014 | Lair:1   | Reached skill level 5 in Fighting
 13608 | Lair:2   | Noticed GsBirdie's ghost (journeyman MiBe)
 13675 | Lair:2   | Reached XP level 12. HP: 103/103 MP: 21/25
 13755 | Lair:2   | Killed GsBirdie's ghost
 13755 | Lair:2   | Reached skill level 5 in Transmutations
 14000 | Lair:2   | Reached skill level 13 in Invocations
 14178 | Lair:2   | Noticed a five-headed hydra
 14349 | Lair:2   | Found a radiant altar of Vehumet.
 14357 | Lair:2   | Found a staircase to the Shoals.
 14418 | Lair:2   | Noticed a six-headed hydra
 14429 | Lair:2   | Killed a six-headed hydra
 14479 | Lair:2   | Killed a five-headed hydra
 14649 | Lair:3   | Got an ichor-stained long sword
 14715 | Lair:3   | Identified the +6 long sword "Agius" {freeze, +Fly rC- Int+4} (You found it on level 3 of the Lair of Beasts)
 15850 | Lair:4   | Found a staircase to the Snake Pit.
 16432 | Lair:4   | Noticed an eight-headed hydra
 16451 | Lair:4   | Killed an eight-headed hydra
 16451 | Lair:4   | Reached skill level 10 in Spellcasting
 16451 | Lair:4   | Reached XP level 13. HP: 46/111 MP: 18/27
 16757 | Lair:5   | Found a dark tunnel.
 16763 | Volcano  | Entered a volcano
 17370 | Lair:5   | Got a crude scythe
 17371 | Lair:5   | Identified the +1 scythe of Saltpetre {freeze, rElec Str+2 SInv} (You found it on level 5 of the Lair of Beasts)
 17829 | Lair:5   | Reached skill level 5 in Dodging
 17845 | Lair:6   | Entered Level 6 of the Lair of Beasts
 17845 | Lair:6   | Found a viscous altar of Jiyva.
 17845 | Lair:6   | Found a staircase to the Slime Pits.
 17982 | Lair:6   | Reached skill level 14 in Invocations
 18354 | Lair:6   | Reached skill level 10 in Unarmed Combat
 19473 | Lair:6   | Gained mutation: You resist negative energy. (rN+) [Deep Dwarf growth]
 19473 | Lair:6   | Reached XP level 14. HP: 90/123 MP: 20/28
 19656 | Lair:6   | Found a large runed door.
 19656 | Lair:6   | Found a large runed door.
 21049 | D:11     | Noticed Gastronok
 21138 | D:11     | Killed Gastronok
 21276 | D:11     | Noticed Urug
 21301 | D:11     | Killed Urug
 22087 | D:12     | Found Duilu's Armour Emporium.
 22095 | D:12     | Found a staircase to the Orcish Mines.
 22109 | D:12     | Found Zimen's Weapon Emporium.
 22688 | D:13     | Noticed Rrauwl's ghost (journeyman DsFi)
 22778 | D:13     | Reached skill level 15 in Invocations
 22922 | D:13     | Killed Rrauwl's ghost
 22924 | D:13     | Got a heavily runed brass amulet
 22931 | D:13     | Identified the amulet "Cyqafofo" {Regen+ Dex+7} (You took it off a kobold on level 13 of the Dungeon)
 23051 | D:13     | Noticed Maurice
 23078 | D:13     | Killed Maurice
 23129 | D:13     | Noticed Azrael
 23196 | D:13     | Found a radiant altar of Vehumet.
 23367 | D:13     | Killed Azrael
 23639 | D:13     | Found a gate to the Vaults.
 23802 | D:14     | Noticed Louise
 23816 | D:14     | Killed Louise
 24179 | D:14     | Reached XP level 15. HP: 111/134 MP: 17/29
 24334 | D:14     | Found Zazeisi's Antique Weapon Shop.
 24375 | D:14     | Found an opulent altar of Gozag.
 24870 | D:15     | Entered Level 15 of the Dungeon
 25031 | D:14     | Learned a level 2 spell: Passwall
 26030 | D:15     | Identified a scroll of acquirement
 26032 | D:15     | Got a brightly glowing steel ring
 26033 | D:15     | Identified the ring of Hard Scrabble {EV+2 Dex+3} (You acquired it on level 15 of the Dungeon)
 26069 | D:15     | Found a staircase to the Depths.
 26069 | D:15     | Noticed a fire giant
 26075 | D:15     | Reached skill level 16 in Invocations
 26124 | D:15     | Killed a fire giant
 26208 | D:15     | Found Wuppusecs's Antique Weapon Shop.
 26588 | Depths:1 | Entered Level 1 of the Depths
 26710 | Orc:1    | Entered Level 1 of the Orcish Mines
 27060 | Orc:1    | Found a roughly hewn altar of Beogh.
 27327 | Orc:2    | Entered Level 2 of the Orcish Mines
 27641 | Orc:2    | Reached ***** piety under Elyvilon
 27713 | Orc:2    | Found Zoafeuz's Antique Armour Shoppe.
 28088 | Orc:2    | Found Puoseops's Magic Scroll Emporium.
 28096 | Orc:2    | Bought a scroll of magic mapping for 59 gold pieces
 28213 | Orc:2    | Noticed an orc warlord
 28532 | Orc:2    | Found a roughly hewn altar of Beogh.
 28586 | Orc:2    | Found Jaro's General Store.
 28609 | Orc:2    | Found Lanaipn's Jewellery Boutique.
 28617 | Orc:2    | Bought an uncursed amulet of faith for 560 gold pieces
 28622 | Orc:2    | Bought the ring "Nysod" {rPois rN+ Dex-5 Slay+5 Stlth+} for 607 gold pieces
 28634 | Orc:2    | Found Riozil's Antique Armour Boutique.
 28673 | Orc:2    | Found Himef's Antique Weapon Boutique.
 28674 | Orc:2    | Killed an orc warlord
 28781 | Orc:2    | Noticed rastmirit1's ghost (journeyman FoFi)
 28805 | Orc:2    | Killed rastmirit1's ghost
 28844 | Orc:2    | Found a staircase to the Elven Halls.
 29238 | Snake:1  | Entered Level 1 of the Snake Pit
 29400 | Snake:1  | Reached skill level 10 in Fighting
 29456 | Snake:1  | Reached XP level 16. HP: 91/146 MP: 18/30
 29649 | Snake:1  | Got a warped turquoise ring
 29972 | Snake:1  | Reached skill level 10 in Dodging
 30652 | Snake:2  | Noticed Vashnia
 30696 | Snake:2  | Killed Vashnia
 30710 | Snake:2  | Reached skill level 17 in Invocations
 30729 | Snake:2  | Identified the ring of Emenn {Wiz Str+2} (You found it on level 1 of the Snake Pit)
 30751 | Snake:2  | Noticed Aizul
 30772 | Snake:2  | Killed Aizul
 31397 | Snake:3  | Noticed Mara
 31407 | Snake:3  | Noticed AAAAA's illusion
 31414 | Snake:2  | Noticed AAAAA's illusion
 31507 | Snake:2  | Killed Mara
 31767 | Snake:3  | Noticed Asterion
 32110 | Snake:3  | Killed Asterion
 32410 | Snake:4  | Entered Level 4 of the Snake Pit
 32561 | Snake:4  | Learned a level 2 spell: Repel Missiles
 32565 | Snake:4  | Learned a level 3 spell: Mephitic Cloud
 32568 | Snake:4  | Learned a level 2 spell: Blink
 32614 | Snake:4  | Reached skill level 15 in Unarmed Combat
 32624 | Snake:4  | Reached XP level 17. HP: 115/157 MP: 24/31
 33510 | Snake:4  | Identified the Volume of Conjuration and Heat
 33512 | Snake:4  | Noticed Kirke
 33525 | Snake:4  | Killed Kirke
 33850 | Snake:4  | Reached skill level 18 in Invocations
 34693 | Snake:4  | HP: 7/159 [naga sharpshooter/arrow (17)]
 35027 | Snake:4  | HP: 2/159 [naga sharpshooter/bolt (14)]
 35028 | Snake:4  | Elyvilon protects you from harm!
 35035 | Snake:4  | HP: 5/159 [naga sharpshooter/arrow (17)]
 35036 | Snake:4  | HP: 1/159 [naga sharpshooter/arrow (4)]
 35476 | Snake:4  | Gained mutation: You passively map a large area around you. [Deep Dwarf growth]
 35476 | Snake:4  | Reached XP level 18. HP: 147/168 MP: 20/32
 35839 | Snake:4  | Shot with an arrow by a naga sharpshooter

Skill      XL: |  1  2  3  4  5  6  7  8  9 10 11 12 13 14 15 16 17 |
---------------+----------------------------------------------------+-----
Spellcasting   | 2 3 4 5 6 7 8 9 10 | 10.5
Invocations    | 1 3 4 5 7 9 10 11 12 13 14 15 16 17 18 | 18.6
Ice Magic      | 3 5 6 7 |  7.0
Transmutations | 3 4 6 7 |  7.4
Unarmed Combat | 4 7 9 10 12 13 15 16 | 16.5
Fighting       | 3 5 6 7 8 10 11 12 | 12.2
Dodging        | 3 6 8 9 11 12 | 12.6
Stealth        | |  2.4
Conjurations   | |  0.8

Action                   |  1- 3 |  4- 6 |  7- 9 | 10-12 | 13-15 | 16-18 || total
-------------------------+-------+-------+-------+-------+-------+-------++-------
Melee: Mace              |    12 |    59 |    75 |       |       |       ||   146
       Rapier            |       |     7 |       |       |       |       ||     7
       Dagger            |       |       |   131 |    46 |       |       ||   177
       Unarmed           |       |       |       |   554 |  1351 |   748 ||  2653
       Long sword        |       |       |       |     4 |    78 |    43 ||   125
       Punch             |       |       |       |     3 |    87 |    45 ||   135
 Fire: Blowgun           |       |       |     6 |    13 |       |       ||    19
 Cast: Freeze            |    50 |   129 |   127 |    29 |       |       ||   335
       Throw Frost       |       |    48 |   104 |    25 |       |       ||   177
       Ozocubu's Armour  |       |       |     4 |    52 |   171 |    78 ||   305
       Ice Form          |       |       |       |    32 |    12 |     1 ||    45
       Throw Icicle      |       |       |       |     7 |       |     9 ||    16
       Summon Ice Beast  |       |       |       |    10 |       |       ||    10
       Blade Hands       |       |       |       |    26 |   164 |    87 ||   277
       Passwall          |       |       |       |       |       |     3 ||     3
       Repel Missiles    |       |       |       |       |       |     5 ||     5
Invok: Lesser Healing    |       |     3 |    41 |   162 |   265 |   256 ||   727
       Greater Healing   |       |       |       |       |       |     2 ||     2
 Abil: Evoke Berserk Rag |       |       |     3 |     7 |    16 |       ||    26
       End Transformatio |       |       |       |    12 |    11 |     1 ||    24
Evoke: Wand              |       |     2 |       |       |       |    10 ||    12
  Use: Scroll            |       |     6 |     5 |    20 |    17 |     7 ||    55
       Potion            |       |       |       |     1 |     3 |     3 ||     7
 Stab: Sleeping          |       |       |     1 |     3 |     4 |     5 ||    13
       Distracted        |       |       |       |       |     1 |       ||     1
  Eat: Chunk             |     1 |    13 |    19 |    37 |    83 |     7 ||   160
       Meat ration       |       |       |     1 |     3 |     5 |     2 ||    11
       Pizza             |       |       |       |     3 |     2 |       ||     5
       Royal jelly       |       |       |       |     2 |       |    11 ||    13
       Fruit             |       |       |       |     2 |     4 |     4 ||    10
       Bread ration      |       |       |       |     1 |     3 |     7 ||    11
       Beef jerky        |       |       |       |       |     1 |     2 ||     3
Armor: Ring mail         |    23 |    78 |   117 |       |       |       ||   218
       Leather armour    |       |       |    22 |    14 |       |       ||    36
       Skin              |       |       |       |   197 |    29 |       ||   226
       Robe              |       |       |       |    85 |   359 |   187 ||   631
Dodge: Dodged            |    47 |    98 |   175 |   314 |  1100 |   660 ||  2394
       Deflected         |       |       |       |       |       |    17 ||    17
       Rpst.: Long sword |       |       |       |     1 |    47 |    16 ||    64
